AoeStats
← GAX | Urubu

Arena

509000384Analyzed
4v4 RM · 8d ago on Sep 25, 2026· 46m 6s· 8 players
Game mode
Random Map
Map size
Large (8 player)
Population
200
Speed
Normal
Resources
Standard
Victory
Conquest
Starting age
Dark Age
Ending age
Imperial Age
RankedLock teamsTeams togetherTeam positionsShared explorationLock speedFull tech treeHidden civsTurbo modeCheats
Victory
Defeat
1643
+10
🇺🇸 Saxons · United States
1606
+11
🇧🇷 Bulgarians · Brazil
1584
+12
🇲🇽 Burgundians · Mexico
1549
+14
🇬🇧 Muisca · United Kingdom
1541
-13
🇺🇸 Saracens · United States
1506
-12
🇸🇬 Malians · Singapore
1493
-11
🇺🇸 Byzantines · United States
1473
-11
GAX | Urubu
10:09 Feudal Age
13:41 Castle Age
12:27 Double-Bit Axe
18:28 Loom
18:31 Town Watch
21:03 Bow Saw
21:32 Wheelbarrow
22:46 Horse Collar
23:04 Gold Mining
25:42 Town Patrol
26:22 Gold Shaft Mining
25:57 Heavy Plow
25:49 Stone Mining
27:34 Hand Cart
27:59 Gold Shaft Mining
31:28 Imperial Age
29:15 Scale Barding Armor
29:10 Scale Mail Armor
29:21 Forging
29:23 Husbandry
29:33 Bloodlines
30:47 Chain Mail Armor
31:47 Chain Barding Armor
31:58 Elite Konnik
32:08 Elite Konnik
33:25 Plate Barding Armor
35:17 Plate Mail Armor
35:23 Iron Casting
35:11 Conscription
34:47 Stirrups
35:25 Fletching
35:36 Padded Archer Armor
35:04 Onager
36:50 Parthian Tactics
36:22 Bodkin Arrow
36:52 Ballistics
36:51 Thumb Ring
37:28 Bracer
37:27 Heavy Cavalry Archer
38:24 Leather Archer Armor
39:12 Chemistry
38:24 Masonry
40:04 Light Cavalry
44:09 Blast Furnace
43:38 Hussar
Duaaa
8:32 Loom
11:00 Feudal Age
10:28 Loom
13:32 Fletching
22:07 Castle Age
20:25 Double-Bit Axe
20:21 Horse Collar
21:30 Bow Saw
22:38 Gold Mining
23:49 Two-Man Saw
24:08 Scale Barding Armor
24:28 Forging
26:19 Wheelbarrow
28:11 Town Watch
29:48 Chain Barding Armor
30:44 Hand Cart
31:52 Bodkin Arrow
35:30 Imperial Age
34:00 Gold Shaft Mining
34:29 Iron Casting
36:54 Plate Barding Armor
37:21 Blast Furnace
36:44 Conscription
37:10 Hoardings
37:44 Stone Mining
39:54 Cavalier
40:34 Husbandry
41:06 Paladin
43:08 Burgundian Vineyards
43:23 Light Cavalry
44:18 Hussar
QNA | Apachai Hopachai
5:38 Loom
8:04 Feudal Age
9:30 Fletching
23:18 Castle Age
24:35 Bodkin Arrow
26:30 Double-Bit Axe
27:30 Horse Collar
30:19 Guard Tower
32:10 Bow Saw
32:01 Heavy Plow
32:58 Stone Mining
32:59 Gold Mining
36:35 Ballistics
36:11 Murder Holes
39:43 Imperial Age
37:40 Padded Archer Armor
39:19 Wheelbarrow
39:00 Leather Archer Armor
39:03 Masonry
40:00 Elite Elephant Archer
41:01 Bracer
42:11 Chemistry
42:13 Conscription
42:39 Ring Archer Armor
44:05 Hand Cart
46:20 Town Watch
龙虾小兵
11:04 Feudal Age
14:53 Castle Age
13:36 Double-Bit Axe
13:35 Horse Collar
16:02 Bow Saw
16:08 Loom
22:11 Wheelbarrow
23:55 Hand Cart
23:42 Heavy Plow
28:23 Imperial Age
26:12 Gold Mining
26:14 Stone Mining
25:50 Crossbowman
28:02 Gold Shaft Mining
28:34 Fletching
29:05 Bodkin Arrow
28:37 Arbalester
29:47 Ballistics
29:59 Bracer
31:00 Chemistry
31:05 Crop Rotation
31:02 Thumb Ring
30:39 Elite Skirmisher
31:21 Padded Archer Armor
31:03 Capped Ram
31:44 Cranequins
34:07 Conscription
33:12 Heavy Mounted Crossbowman
33:30 Siege Ram
34:54 Leather Archer Armor
34:22 Man-at-Arms
35:03 Heavy Scorpion
36:17 Bloodlines
36:07 Husbandry
36:25 Elite Hearth Troop
37:07 Scale Mail Armor
37:17 Forging
36:45 Long Swordsman
37:10 Gambesons
37:25 Squires
37:11 Arson
37:50 Chain Mail Armor
39:38 Ring Archer Armor
39:44 Iron Casting
39:40 Plate Mail Armor
38:58 Two-Handed Swordsman
40:26 Siege Engineers
40:31 Masonry
40:30 Champion
41:07 Shield Wall
43:31 Architecture
42:42 Treadmill Crane
46:28 Two-Man Saw
45:28 Pikeman
[TSU] I-am-the-1AW
5:07 Loom
11:10 Feudal Age
12:53 Double-Bit Axe
15:17 Castle Age
16:51 Bow Saw
16:26 Horse Collar
21:13 Gold Mining
25:06 Wheelbarrow
24:48 Heavy Plow
26:09 Stone Mining
28:02 Hand Cart
30:19 Imperial Age
28:56 Scale Barding Armor
29:01 Forging
29:57 Chain Barding Armor
31:23 Gold Shaft Mining
30:43 Town Watch
31:07 Husbandry
30:39 Elite Mameluke
31:56 Iron Casting
31:34 Bloodlines
32:12 Town Patrol
33:18 Two-Man Saw
33:41 Conscription
33:56 Plate Barding Armor
34:21 Blast Furnace
34:15 Fletching
36:24 Blast Furnace
37:47 Hoardings
36:39 Light Cavalry
37:16 Bodkin Arrow
37:21 Padded Archer Armor
37:44 Bimaristan
38:52 Hussar
44:55 Block Printing
44:16 Elite Skirmisher
[TSU] IAmTheWalrus
11:06 Feudal Age
14:50 Castle Age
12:54 Double-Bit Axe
12:49 Horse Collar
15:58 Bow Saw
21:06 Heavy Plow
22:43 Stone Mining
25:08 Wheelbarrow
24:20 Loom
25:15 Forging
28:34 Imperial Age
26:21 Hand Cart
26:03 Pikeman
26:44 Squires
27:43 Iron Casting
27:10 Scale Mail Armor
27:40 Arson
28:10 Gold Mining
29:33 Chain Mail Armor
29:16 Elite Varangian Guard
31:11 Chemistry
31:02 Plate Mail Armor
30:33 Padded Archer Armor
30:47 Elite Skirmisher
32:05 Ballistics
33:09 Fletching
33:34 Leather Archer Armor
33:52 Bodkin Arrow
35:16 Logistica
35:31 Bracer
36:04 Ring Archer Armor
38:36 Conscription
38:52 Hoardings
39:07 Bombard Tower
38:30 Treadmill Crane
38:52 Murder Holes
44:55 Halberdier
[TSU] MrFluffyBunny
5:51 Loom
10:08 Feudal Age
12:36 Fletching
19:28 Double-Bit Axe
21:12 Horse Collar
27:25 Castle Age
26:11 Gold Mining
32:28 Imperial Age
33:55 Imperial Age
[TSU] gamerisdc
10:29 Feudal Age
8:50 Loom
10:38 Feudal Age
15:20 Castle Age
13:45 Fletching
16:01 Bodkin Arrow
17:11 Double-Bit Axe
25:37 Town Watch
26:39 Wheelbarrow
29:36 Hand Cart
30:58 Scale Mail Armor
31:06 Horse Collar
35:09 Tigui
35:40 Pikeman
36:52 Chain Mail Armor
37:38 Man-at-Arms
38:42 Gold Mining
38:43 Stone Mining
39:00 Squires
40:01 Forging
39:15 Long Swordsman
44:03 Imperial Age
41:24 Arson
41:48 Heavy Plow
43:01 Iron Casting
45:17 Plate Mail Armor
44:27 Light Cavalry
45:08 Husbandry
45:19 Bloodlines
45:31 Scale Barding Armor
46:22 Conscription
46:05 Farimba
46:25 Conscription
Connection lost

Rejoining the realm…

Still unreachable

The connection could not be restored.

Session expired

The server has moved on; the page needs a fresh start.